 Dungeon Crawl Stone Soup version 0.30-a0-777-ga9a30cbeda (webtiles) character file.

Game seed: 1601947975745707851

235 NinjaNoafa the Grasshopper (level 6, 0/50 HPs)
             Began as a Gnoll Warper on Feb 13, 2023.
             Slain by a quokka (3 damage)
             ... on level 3 of the Dungeon.
             The game lasted 00:08:27 (1525 turns).

NinjaNoafa the Grasshopper (Gnoll Warper)           Turns: 1525, Time: 00:08:28

Health: 0/50       AC:  3    Str: 10    XL:     6   Next: 6%
Magic:  3/14       EV: 13    Int: 14    God:
Gold:   153        SH:  0    Dex: 12    Spells: 8/15 levels left

rFire   . . .      SeeInvis .    h - +0 flail
rCold   . . .      Faith    +    (no shield)
rNeg    . . .      Spirit   .    b - +0 leather armour
rPois   .          Reflect  .    (no helmet)
rElec   .          Harm     .    (no cloak)
rCorr   .          Rampage  .    (no gloves)
Will    .....                    (no boots)
Stlth   ++                       k - amulet of faith
HPRegen 0.28/turn                (no ring)
MPRegen 0.14/turn                (no ring)

@: on blink cooldown
A: fangs 1, strong nose, distributed training
a: no special abilities


You were on level 3 of the Dungeon.
You visited 1 branch of the dungeon, and saw 3 of its levels.

You collected 153 gold pieces.

Inventory:

Hand Weapons
 h - a +0 flail (weapon)
Missiles
 a - 2 poisoned darts
 d - 7 boomerangs of dispersal (quivered)
Armour
 b - a +0 leather armour (worn)
Jewellery
 k - an amulet of faith (around neck)
Scrolls
 c - a scroll of blinking
 e - a scroll of teleportation {unknown}
 f - 2 scrolls of identify {unknown}
 g - a scroll of summoning {unknown}
 i - a scroll of brand weapon {unknown}
 m - a scroll of magic mapping {unknown}
 p - a scroll of noise {unknown}
Potions
 j - a potion of lignification {unknown}
 l - a potion of ambrosia {unknown}
 o - a potion of berserk rage {unknown}


   Skills:
 + Level 4.9 Fighting
 + Level 1.8 Short Blades
 + Level 1.8 Long Blades
 + Level 1.8 Axes
 + Level 4.9 Maces & Flails
 + Level 1.8 Polearms
 + Level 1.8 Staves
 + Level 1.8 Ranged Weapons
 + Level 3.2 Throwing
 + Level 3.2 Armour
 + Level 4.9 Dodging
 + Level 1.8 Stealth
 + Level 1.8 Shields
 + Level 1.8 Unarmed Combat
 + Level 5.3 Spellcasting
 + Level 1.4 Conjurations
 + Level 1.4 Hexes
 + Level 1.4 Summonings
 + Level 1.4 Necromancy
 + Level 5.6 Translocations
 + Level 1.4 Transmutations
 + Level 1.4 Fire Magic
 + Level 1.4 Ice Magic
 + Level 1.4 Air Magic
 + Level 1.4 Earth Magic
 + Level 1.4 Poison Magic
 + Level 2.0 Invocations
 + Level 1.8 Evocations


You had 8 spell levels left.
You knew the following spells:

 Your Spells              Type           Power      Damage    Failure   Level
a - Blink                 Tloc           38%        N/A       3%          2
b - Lesser Beckoning      Tloc           38%        N/A       3%          2
c - Teleport Other        Tloc           19%        N/A       7%          3

Your spell library contained the following spells:

 Spells                   Type           Power      Damage    Failure   Level
 Shock                    Conj/Air       28%        1d4       12%         1
 Vhi's Electric Charge    Tloc/Air       26%        N/A       16%         3
 Manifold Assault         Tloc           19%        N/A       22%         4
 Swiftness                Air            7%         N/A       36%         3
 Airstrike                Air            3%         2d(1-17)  77%         4


Dungeon Overview and Level Annotations

Branches:
Dungeon (3/15)

Altars:

Annotations:
D:3 Jessica


Innate Abilities, Weirdness & Mutations

You have very sharp teeth.
Your uncanny sense of smell can sniff out nearby items.
Your experience applies equally to all skills.


Message History

The quokka attacks as you move away! The quokka closely misses you.
You feel stable enough to blink again.
Jessica disappears!
The ball python bites you.
* * * LOW HITPOINT WARNING * * *
The ball python barely misses you. The quokka barely misses you.
The goblin shoots a sling bullet.
The sling bullet hits you.
* * * LOW HITPOINT WARNING * * *
The ball python barely misses you. The ball python closely misses you.
The quokka attacks as you move away! The quokka bites you.
* * * LOW HITPOINT WARNING * * *
The iguana disappears!
The quokka bites you but does no damage.
You feel better. The quokka barely misses you.
The ball python bites you but does no damage.
The ball python grabs you. The ball python constricts you.
The quokka closely misses you.
You hit the ball python.
You kill the ball python!
The quokka twitches its whiskers.
The quokka bites you.
* * * LOW HITPOINT WARNING * * *
The quokka bites you.
* * * LOW HITPOINT WARNING * * *
The quokka bites you but does no damage.
The quokka attacks as you move away! The quokka barely misses you.
You closely miss the quokka. The quokka closely misses you.
The quokka barely misses you. The quokka completely misses you.
You closely miss the quokka. Your bite misses the quokka.
The quokka barely misses you. x2; The quokka bites you.
* * * LOW HITPOINT WARNING * * *
Your magical contamination has completely faded away.
Casting: Teleport Other (dangerous; 7% risk of failure)
Confirm with . or Enter, or press ? or * to list all spells.
You blink.
The quokka bites you but does no damage.
The goblin unwields a +0 sling.
The goblin wields a +0 club.
The goblin hits you with a +0 club.
* * * LOW HITPOINT WARNING * * *
You barely miss the quokka. The quokka bites you.
You die...

..######## #........#
#........# #...[....#
#. +........# ...
#........#
#.#####........#
##..............#
#....$..?...@r..######
............gr........
#..............!.....
#.......#####+#......
#.......# ......
+.....).+ .....
#.......# .w...
#......<# ####
#.......#


You could see 2 quokkas and a goblin.

Vanquished Creatures
  Sigmund (D:2)
  Terence (D:2)
  An adder (D:2)
  2 ball pythons
  5 bats
  An endoplasm (D:2)
  4 giant cockroaches
  2 goblins
  2 hobgoblins (D:1)
  6 jackals (D:1)
  2 quokkas (D:1)
  3 frilled lizards
  5 kobolds (D:1)
  8 rats
43 creatures vanquished.

Notes
Turn   | Place    | Note
-------+----------+-------------------------------------------
     0 | D:1      | NinjaNoafa the Gnoll Warper began the quest for the Orb.
     0 | D:1      | Reached XP level 1. HP: 20/20 MP: 6/6
   149 | D:1      | Reached XP level 2. HP: 23/26 MP: 7/7
   161 | D:1      | Learned a level 2 spell: Blink
   309 | D:1      | Learned a level 2 spell: Lesser Beckoning
   539 | D:1      | Reached skill level 5 in Spellcasting
   539 | D:1      | Reached XP level 3. HP: 31/31 MP: 7/9
   658 | D:1      | Reached skill level 1 in Invocations
   764 | D:2      | Noticed Sigmund
   936 | D:2      | Reached skill level 1 in Short Blades
   936 | D:2      | Reached skill level 1 in Long Blades
   936 | D:2      | Reached skill level 1 in Axes
   936 | D:2      | Reached skill level 1 in Polearms
   936 | D:2      | Reached skill level 1 in Staves
   936 | D:2      | Reached skill level 1 in Ranged Weapons
   936 | D:2      | Reached skill level 1 in Stealth
   936 | D:2      | Reached skill level 1 in Shields
   936 | D:2      | Reached skill level 1 in Unarmed Combat
   936 | D:2      | Reached skill level 1 in Evocations
  1021 | D:2      | Killed Sigmund
  1022 | D:2      | Reached skill level 1 in Conjurations
  1022 | D:2      | Reached skill level 1 in Hexes
  1022 | D:2      | Reached skill level 1 in Summonings
  1022 | D:2      | Reached skill level 1 in Necromancy
  1022 | D:2      | Reached skill level 1 in Transmutations
  1022 | D:2      | Reached skill level 1 in Fire Magic
  1022 | D:2      | Reached skill level 1 in Ice Magic
  1022 | D:2      | Reached skill level 1 in Air Magic
  1022 | D:2      | Reached skill level 1 in Earth Magic
  1022 | D:2      | Reached skill level 1 in Poison Magic
  1022 | D:2      | Reached XP level 4. HP: 31/38 MP: 11/11
  1022 | D:2      | Reached XP level 5. HP: 36/43 MP: 12/12
  1082 | D:2      | Learned a level 3 spell: Teleport Other
  1242 | D:2      | Noticed Terence
  1276 | D:2      | Killed Terence
  1277 | D:2      | Reached XP level 6. HP: 9/50 MP: 12/14
  1513 | D:3      | Noticed Jessica
  1525 | D:3      | Slain by a quokka

Illustrated notes

Levels and vault maps discovered:
D:1:      eino_arrival_cavern_d, layout_loops_ring, patterned_corridor
D:2:      layout_basic, minmay_misc_feat_four_crosses, uniq_sigmund,
          uniq_terence
D:3:      layout_basic, gammafunk_temple_overflow_claw, uniq_jessica

Skill      XL: |  1  2  3 |
---------------+----------+-----
Spellcasting   | 5 |  5.3
Invocations    | 2 |  2.0
Short Blades   | 1 |  1.8
Long Blades    | 1 |  1.8
Axes           | 1 |  1.8
Polearms       | 1 |  1.8
Staves         | 1 |  1.8
Ranged Weapons | 1 |  1.8
Stealth        | 1 |  1.8
Shields        | 1 |  1.8
Unarmed Combat | 1 |  1.8
Evocations     | 1 |  1.8
Throwing       | 3 |  3.2
Armour         | 3 |  3.2
Conjurations   | 1 |  1.4
Hexes          | 1 |  1.4
Summonings     | 1 |  1.4
Necromancy     | 1 |  1.4
Transmutations | 1 |  1.4
Fire Magic     | 1 |  1.4
Ice Magic      | 1 |  1.4
Air Magic      | 1 |  1.4
Earth Magic    | 1 |  1.4
Poison Magic   | 1 |  1.4
Fighting       | |  4.9
Maces & Flails | |  4.9
Dodging        | |  4.9
Translocations | |  5.6

Action                     |  1- 3 |  4- 6 || total
---------------------------+-------+-------++-------
  Melee: Mace              |   140 |    31 ||   171
         Bite              |     9 |     4 ||    13
         Punch             |     2 |     1 ||     3
         Flail             |       |    13 ||    13
  Throw: Dart              |       |     2 ||     2
   Cast: Lesser Beckoning  |     3 |       ||     3
         Blink             |       |     3 ||     3
         Teleport Other    |       |     2 ||     2
    Use: Potion            |       |     1 ||     1
 Armour: Leather armour    |    40 |    18 ||    58
  Dodge: Dodged            |   115 |    48 ||   163

Table legend: (Time is in decaauts)
 A = Elapsed time spent in this place.
 B = Non-inter-level travel time spent in this place.
 C = Inter-level travel time spent in this place.
 D = Time resting spent in this place.
 E = Time spent auto-exploring this place.
 F = Levels seen in this place.
 G = Mean time per level.
                   A        B        C        D        E       F      G
               +--------+--------+--------+--------+--------+-----+--------+
         Total |   1555 |   1260 |    295 |      0 |     42 |   3 |  518.3 |
       Dungeon |   1555 |   1260 |    295 |      0 |     42 |   3 |  518.3 |
               +--------+--------+--------+--------+--------+-----+--------+

Top non-repeatable levels by time:
     D:1: 797 daAuts
     D:2: 730 daAuts
     D:3: 27 daAuts
